 Dungeon Crawl Stone Soup version 0.17.1-1-g73c8601 (webtiles) character file.

891 shmeve the Cudgeler (level 7, 0/71 HPs)
             Began as a Troll Berserker on Apr 19, 2016.
             Was a Priest of Trog.
             Slain by a warg (7 damage)
             ... on level 7 of the Dungeon.
             The game lasted 00:10:35 (4788 turns).

shmeve the Cudgeler (Troll Berserker)               Turns: 4788, Time: 00:10:35

Health: 0/71       AC:  5    Str: 34    XL:     7   Next: 78%
Magic:  6/6        EV: 11    Int:  4    God:    Trog [***...]
Gold:   313        SH:  0    Dex: 10    Spells: 0 memorised, 6 levels left

rFire  . . .     SeeInvis .     w - +0 morningstar
rCold  . . .     Clarity  +     b - +0 animal skin
rNeg   . . .     SustAt   .     (no shield)
rPois  .         Gourm    +     (helmet restricted)
rElec  .         Spirit   .     (no cloak)
rCorr  .         Warding  .     (gloves unavailable)
rMut   .         Stasis   .     (boots unavailable)
MR     .....                    t - amulet of clarity (curse)
Stlth  +.........               p - +4 ring of strength
                                f - +4 ring of strength

@: exhausted, slowed, very slow, not resistant to hostile enchantments, very
unstealthy
A: unfitting armour, claws 3, fast metabolism 3, gourmand, regeneration 2,
shaggy fur 1, tough skin 2
a: Berserk, Trog's Hand, Burn Spellbooks, Renounce Religion


You were on level 7 of the Dungeon.
You worshipped Trog.
Trog was most pleased with you.
You were not hungry.

You visited 1 branch of the dungeon, and saw 7 of its levels.

You collected 313 gold pieces.

Inventory:

Hand Weapons
 w - a +0 morningstar (weapon)
Missiles
 v - 10 tomahawks (quivered)
Armour
 b - a +0 animal skin (worn)
Jewellery
 f - a +4 ring of strength (left claw)
 p - a +4 ring of strength (right claw)
 t - a cursed amulet of clarity (around neck)
 E - an uncursed ring of see invisible {unknown}
 G - an uncursed ring of protection from magic {unknown}
Scrolls
 d - 2 scrolls of enchant weapon {unknown}
 e - 3 scrolls of remove curse {unknown}
 g - a scroll of immolation {unknown}
 j - 3 scrolls of enchant armour {unknown}
 l - a scroll of amnesia {unknown}
 m - 4 scrolls of identify {unknown}
 o - 3 scrolls of teleportation {unknown}
 u - a scroll of noise {unknown}
 x - 4 scrolls of magic mapping {unknown}
 y - a scroll of random uselessness {unknown}
 C - 2 scrolls of blinking {unknown}
 F - 2 scrolls of recharging {unknown}
Potions
 a - a potion of lignification {unknown}
 h - 2 potions of poison {unknown}
 i - 5 potions of curing {unknown}
 k - 2 potions of agility {unknown}
 n - 2 potions of degeneration {unknown}
 r - 3 potions of invisibility {unknown}
 B - a potion of cure mutation {unknown}
Comestibles
 c - 3 bread rations
 q - a beef jerky
 s - 3 meat rations
 z - 4 fruits
 D - a slice of pizza


   Skills:
 * Level 4.4 Fighting
 * Level 5.0 Maces & Flails
 + Level 2.8 Throwing
 * Level 4.7 Dodging


You had 6 spell levels left.
You didn't know any spells.

Dungeon Overview and Level Annotations

Branches:
Dungeon (7/15)
 Temple: D:4-7

Altars:
Fedhas
Gozag
Makhleb
Nemelex Xobeh
Okawaru
Sif Muna
Trog


Innate Abilities, Weirdness & Mutations

You are too large for most types of armour.
You have claws for hands.
Your metabolism is lightning-fast.
You like to eat raw meat.
You heal very quickly.
You are covered in fur (AC +1).
You have very tough skin (AC +2).


Message History

* * * LOW HITPOINT WARNING * * *
You hit the warg.
You kill the warg!
Trog accepts your kill.
Your Maces & Flails skill increases to level 5!
You see here a warg corpse.
Unknown command.
You feel a strong urge to attack something.
The warg barely misses you.
You puncture the warg!
The warg is moderately wounded.
The warg pauses to sniff the ground.
The warg bites you!
* * * LOW HITPOINT WARNING * * *
You puncture the warg!
The warg is heavily wounded.
You are no longer berserk.
You are exhausted.
You feel yourself slow down. The warg bites you!
You die...

###############
.P............#
......h@†....P#
≈≈≈≈≈≈≈≈≈≈≈≈≈≈#
≈≈≈≈≈≈≈≈≈≈≈≈≈≈##
≈≈≈≈≈≈≈#####≈≈.########
.......#ooo#≈≈.........
######+#...#≈≈.########
#+###≈≈.# #.≈≈≈.#
#.≈≈≈.# #..


You could see a warg and 2 orcs.

Vanquished Creatures
  A warg (D:7)
  A sky beast (D:6)
  A centaur (D:5)
  A giant frog (D:3)
  A water moccasin zombie (D:5)
  A water moccasin skeleton (D:6)
  A jelly (D:5)
  A crimson imp (D:5)
  2 orc priests
  2 iguanas
  An orc wizard (D:4)
  3 worker ants
  A hound zombie (D:6)
  4 adders
  An adder zombie (D:6)
  2 adder skeletons
  4 worms
  7 giant geckos
  14 orcs
  9 bats
  4 giant cockroaches
  6 goblins
  3 hobgoblins
  4 jackals
  7 kobolds
  2 giant newts (D:1)
  5 rats
89 creatures vanquished.

Notes
Turn   | Place    | Note
--------------------------------------------------------------
     0 | D:1      | shmeve the Troll Berserker began the quest for the Orb.
     0 | D:1      | Reached XP level 1. HP: 22/22 MP: 0/0
   462 | D:1      | Reached XP level 2. HP: 26/29 MP: 1/1
   944 | D:1      | Reached skill level 3 in Maces & Flails
  1323 | D:2      | Found a deep blue altar of Sif Muna.
  1410 | D:2      | Reached XP level 3. HP: 32/36 MP: 2/2
  1418 | D:2      | Found a blossoming altar of Fedhas.
  1715 | D:3      | Reached ** piety under Trog
  1759 | D:3      | Reached skill level 1 in Throwing
  1850 | D:3      | Reached XP level 4. HP: 45/45 MP: 3/3
  2165 | D:3      | Noticed a giant frog
  2173 | D:3      | Killed a giant frog
  2173 | D:3      | Reached XP level 5. HP: 21/53 MP: 4/4
  2794 | D:4      | Reached XP level 6. HP: 24/61 MP: 5/5
  3001 | D:4      | Found a burning altar of Makhleb.
  3139 | D:5      | Entered Level 5 of the Dungeon
  3252 | D:5      | Reached skill level 4 in Maces & Flails
  3766 | D:5      | Found an iron altar of Okawaru.
  3766 | D:5      | Found an opulent altar of Gozag.
  3849 | D:6      | Reached XP level 7. HP: 68/68 MP: 6/6
  3940 | D:6      | Reached *** piety under Trog
  3992 | D:6      | Found a sparkling altar of Nemelex Xobeh.
  4339 | D:6      | Found a bloodstained altar of Trog.
  4784 | D:7      | Reached skill level 5 in Maces & Flails
  4788 | D:7      | Slain by a warg

Action                   |  1- 3 |  4- 6 |  7- 9 || total
-------------------------+-------+-------+-------++-------
Melee: Mace              |    91 |    22 |       ||   113
       Morningstar       |       |    94 |    45 ||   139
Throw: Tomahawk          |       |    12 |    12 ||    24
Invok: Berserk           |     2 |     3 |     3 ||     8
       Trog's Hand       |     2 |     3 |     1 ||     6
       Burn Spellbooks   |       |     2 |     1 ||     3
 Stab: Sleeping          |       |     1 |       ||     1
  Eat: Chunk             |    10 |    31 |     6 ||    47
       Beef jerky        |     1 |       |       ||     1
       Bread ration      |     1 |       |       ||     1
